 Dungeon Crawl Stone Soup version 0.30.1-9-gdf580d7c3d (webtiles) character file.

Game seed: 1331300431326150460

3 ChiefBigBeans the Sneak (level 1, 0/9 HPs)
             Began as a Spriggan Conjurer on Sept 26, 2023.
             Slain by a kobold
             ... wielding a +0 club
              (2 damage)
             ... on level 1 of the Dungeon.
             The game lasted 00:00:24 (64 turns).

ChiefBigBeans the Sneak (Spriggan Conjurer)           Turns: 64, Time: 00:00:24

Health: 0/9        AC:  9    Str:  3    XL:     1   Next: 41%
Magic:  1/5        EV: 17    Int: 19    God:
Gold:   0          SH:  0    Dex: 13    Spells: 4/5 levels left

rFire   . . .        c - +1 dagger (protect)
rCold   . . .        (no shield)
rNeg    . . .        a - +0 robe
rPois   .            (helmet restricted)
rElec   .            (no cloak)
rCorr   .            (gloves unavailable)
SInv    +            (boots unavailable)
Will    .....        (no amulet)
Stlth   ++           (no ring)
HPRegen 0.21/turn    (no ring)
MPRegen 0.09/turn

%: no passive effects
@: under a protective aura, very quick
A: very small, no large weapons, unfitting armour, see invisible, speed 3
a: no special abilities


You were on level 1 of the Dungeon.
You visited 1 branch of the dungeon, and saw 1 of its levels.

Inventory:

Hand Weapons
 c - a +1 dagger of protection (weapon)
Armour
 a - a +0 robe (worn)
Potions
 b - a potion of magic


   Skills:
 + Level 2.8 Dodging
 + Level 3.1 Stealth
 + Level 2.8 Spellcasting
 + Level 3.0 Conjurations


You had 4 spell levels left.
You knew the following spells:

 Your Spells              Type           Power      Damage    Failure   Level
a - Magic Dart            Conj           56%        1d5       4%          1

Your spell library contained the following spells:

 Spells                   Type           Power      Damage    Failure   Level
 Searing Ray              Conj           28%        2d5       7%          2
 Dazzling Flash           Conj/Hex       16%        N/A       26%         3
 Ignite Poison            Fire/Tmut/Pois 2%         N/A       43%         3
 Fulminant Prism          Conj/Hex       4%         3d5       63%         4
 Iskenderun's Mystic Bla  Conj/Tloc      8%         2d4       63%         4
 Sticky Flame             Conj/Fire      8%         2d3       63%         4
 Ignition                 Fire           1%         3d3       100%        8


Dungeon Overview and Level Annotations

Branches:
Dungeon (1/15)

Altars:


Innate Abilities, Weirdness & Mutations

You are very small and have problems with some larger weapons.
You are too small for most types of armour.
You have supernaturally acute eyesight. (SInv)
You cover ground extremely quickly. (Speed+++)


Message History

The hobgoblin is moderately wounded.
The hobgoblin hits you but does no damage.
The goblin closely misses you.
You barely miss the hobgoblin.
The hobgoblin is moderately wounded.
The hobgoblin completely misses you. The goblin misses you.
You closely miss the hobgoblin.
The hobgoblin is moderately wounded.
The quokka misses you. The hobgoblin misses you. The goblin barely misses you.
The quokka barely misses you.
You barely miss the hobgoblin.
The hobgoblin is moderately wounded.
The quokka misses you. The hobgoblin misses you. The goblin misses you.
You hit the hobgoblin.
Your weapon exudes an aura of protection.
You kill the hobgoblin!
The quokka bites you but does no damage.
The goblin completely misses you.
Your Conjurations skill increases to level 3!
You see here a hobgoblin corpse.
The magic dart hits the quokka.
The quokka is lightly wounded.
The quokka closely misses you.
You closely miss the quokka.
The quokka is lightly wounded.
The quokka bites you.
* * * LOW HITPOINT WARNING * * *
You hit the quokka.
Your weapon exudes an aura of protection.
The quokka is heavily wounded.
The quokka misses you.
You hit the quokka.
The quokka is severely wounded.
The quokka closely misses you.
You hit the quokka.
You kill the quokka!
You hit the kobold.
The kobold is moderately wounded.
The kobold hits you with a +0 club.
You die...

#..#.....# .........#
#........# ..r..>.#
#.....# # #...g.# #.
#r# #..####K#
#######......@######.
#.....#..............
##.^...######.........
#.....................
#......######.........
#......# ..........
#......# .##.####...
#......####....# ...
#......##...#### ..


You could see a goblin, a kobold and a rat.

Vanquished Creatures
  A hobgoblin (D:1)
  A quokka (D:1)
  A goblin (D:1)
3 creatures vanquished.

Notes
Turn   | Place    | Note
-------+----------+-------------------------------------------
     0 | D:1      | ChiefBigBeans the Spriggan Conjurer began the quest for the
                  | Orb.
     0 | D:1      | Reached XP level 1. HP: 9/9 MP: 5/5
    64 | D:1      | Slain by a kobold

Illustrated notes

Levels and vault maps discovered:
D:1:      matt_arrival_diagonals, layout_basic,
          shapermc_ecumenical_altar_mp_highgroup

Skill      XL: |  1 |
---------------+----+-----
Conjurations   | 3 |  3.0
Dodging        | |  2.8
Stealth        | |  3.1
Spellcasting   | |  2.8

Action                     || total
---------------------------++-------
  Melee: Dagger            ||    12
   Cast: Magic Dart        ||     5
 Armour: Robe              ||     4
  Dodge: Dodged            ||    17
